 Dungeon Crawl Stone Soup version 0.28.0-62-gf88900778d (webtiles) character file.

Game seed: 6660483110111986392

122236 cbfl8 the Severer (level 16, -5/134 HPs)
             Began as a Minotaur Fighter on June 25, 2023.
             Was a Plaything of Xom.
             Slain by a swamp worm (8 damage)
             ... on level 1 of the Swamp.
             The game lasted 00:49:26 (24693 turns).

cbfl8 the Severer (Minotaur Fighter)               Turns: 24693, Time: 00:49:26

Health: -5/134     AC: 30    Str: 13    XL:     16   Next: 34%
Magic:  15/15      EV: 11    Int:  8    God:    Xom [..*...]
Gold:   538        SH: 18    Dex: 15    Spells: 15/15 levels left

rFire   + + +      SeeInvis +   A - +7 war axe (chaos)
rCold   + . .      Faith    .   P - +0 tower shield
rNeg    . . .      Spirit   .   F - +6 scale mail of a wizard's laboratory {*Corrode rF+++ Regen+ Int+3}
rPois   +          Reflect  .   (helmet unavailable)
rElec   .          Harm     .   z - +2 cloak of Fanaticism {Rampage Regen+ rCorr Str-5 Dex+2}
rCorr   +          Rampage  +   B - +2 pair of gloves
Will    +....      Clarity  +   M - +2 pair of boots
Stlth   ++........              j - amulet of regeneration
HPRegen 2.72/turn               n - ring of see invisible
MPRegen 0.14/turn               N - ring of poison resistance

@: mighty, lethally poisoned (-5 -> -5), studying Stealth, very slow
A: horns 3, retaliatory headbutt, talons 1, iridescent scales 2, camouflage 1,
clarity, clumsy 2, cold resistance 1, fire resistance 1, frail 1, sense
surroundings 1, weak 2
a: Renounce Religion


You were on level 1 of the Swamp.
You worshipped Xom.
You were a toy of Xom.
You visited 4 branches of the dungeon, and saw 24 of its levels.

You collected 3559 gold pieces.
You spent 3021 gold pieces at shops.

Inventory:

Hand Weapons
 r - a +0 broad axe
 A - a +7 war axe of chaos (weapon)
 D - a +2 war axe of flaming
Missiles
 a - 2 throwing nets
Armour
 z - the +2 cloak of Fanaticism (worn) {Rampage Regen+ rCorr Str-5 Dex+2}
   (You found it on level 6 of the Dungeon)

   Str:       It affects your strength (-5).
   Dex:       It affects your dexterity (+2).
   Regen:     It increases your rate of health regeneration.
   rCorr:     It protects you from acid and corrosion.
   Rampage:   It bestows one free step when moving towards enemies.
 B - a +2 pair of gloves (worn)
 F - the +6 scale mail of a wizard's laboratory (worn) {*Corrode rF+++ Regen+ Int+3}
   (Xom gifted it to you on level 9 of the Dungeon)

   Int:       It affects your intelligence (+3).
   rF:        It renders you almost immune to fire.
   Regen:     It increases your rate of health regeneration.
   *Corrode:  It may corrode you when you take damage.
 M - a +2 pair of boots (worn)
 P - a +0 tower shield (worn)
Jewellery
 j - an amulet of regeneration (around neck)
 n - a ring of see invisible (left hand)
 C - a ring of flight
 G - a ring of protection from cold
 N - a ring of poison resistance (right hand)
Wands
 c - a wand of digging (4)
 o - a wand of flame (95)
 s - a wand of iceblast (13)
 v - a wand of polymorph (2)
 w - a wand of acid (3) (quivered)
 I - a wand of charming (16)
Scrolls
 e - a scroll of silence
 g - 3 scrolls of fear
 h - 12 scrolls of teleportation
 x - 2 scrolls of enchant armour
 y - 3 scrolls of noise
 J - a scroll of fog
Potions
 b - 2 potions of ambrosia
 f - 8 potions of curing
 k - 3 potions of magic
 l - 2 potions of invisibility
 p - a potion of resistance
 q - 4 potions of flight
 t - 4 potions of attraction
 u - 4 potions of haste
 E - 5 potions of brilliance {unknown}
 L - a potion of mutation
Miscellaneous
 d - a lightning rod (4/4)
 K - a piece from Xom's chessboard (15/15)


   Skills:
 + Level 15.4 Fighting
 + Level 18.6 Axes
 + Level 12.4 Armour
 + Level 9.3 Dodging
 + Level 6.8 Stealth
 + Level 13.4 Shields
 + Level 12.1 Evocations


You had 15 spell levels left.
You didn't know any spells.
Your spell library contained the following spells:

 Spells                   Type           Power      Damage    Failure   Level
 Magic Dart               Conj           0%         1d3       99%         1
 Summon Small Mammal      Summ           0%         N/A       99%         1
 Call Imp                 Summ           0%         N/A       100%        2
 Corpse Rot               Necr/Air       0%         N/A       100%        2
 Ensorcelled Hibernation  Hex/Ice        0%         N/A       100%        2
 Call Canine Familiar     Summ           0%         N/A       100%        3
 Dazzling Flash           Conj/Hex       0%         N/A       100%        3
 Frozen Ramparts          Ice            0%         1d2       100%        3
 Ignite Poison            Fire/Tmut/Pois 0%         N/A       100%        3
 Mephitic Cloud           Conj/Pois/Air  0%         N/A       100%        3
 Portal Projectile        Hex/Tloc       0%         N/A       100%        3
 Summon Guardian Golem    Hex/Summ       0%         N/A       100%        3
 Swiftness                Air            0%         N/A       100%        3
 Vampiric Draining        Necr           0%         2d6       100%        3
 Animate Armour           Summ/Erth      0%         N/A       100%        4
 Cause Fear               Hex            0%         N/A       100%        4
 Dispel Undead            Necr           0%         3d6       100%        4
 Ice Form                 Ice/Tmut       0%         N/A       100%        4
 Iskenderun's Mystic Bla  Conj/Tloc      0%         2d3       100%        4
 Leda's Liquefaction      Hex/Erth       0%         N/A       100%        4
 Summon Ice Beast         Ice/Summ       0%         N/A       100%        4
 Blade Hands              Tmut           0%         N/A       100%        5
 Freezing Cloud           Conj/Ice/Air   0%         6-21      100%        5
 Metabolic Englaciation   Hex/Ice        0%         N/A       100%        5
 Death Channel            Necr           0%         N/A       100%        6
 Iron Shot                Conj/Erth      0%         9d1       100%        6
 Starburst                Conj/Fire      0%         6d3       100%        6


Dungeon Overview and Level Annotations

Branches:
Dungeon (15/15)            Temple (0/1) D:4            Lair (6/6) D:9
  Swamp (1/4) Lair:2        Snake (0/4) Lair:3        Slime (0/5) Lair:5
    Orc (2/2) D:10            Elf (0/3) Orc:2        Vaults (0/5) D:14
 Depths (0/4) D:15

Altars:
Cheibriados
Fedhas
Makhleb
Xom
Beogh

Shops:
D:3 [?[:   D:8 !?([   D:14 (   Orc:1 !**?   Orc:2 ![**

Portals:
Trove: D:13 (show slimy rune of Zot)

Annotations:
D:7 2 transporters, yourfavgirlally's ghost, weakling FoHu


Innate Abilities, Weirdness & Mutations

You have a pair of large horns on your head.
You reflexively headbutt those who attack you in melee.
You have sharp toenails.
You are mostly covered in iridescent scales. (AC +4)
Your skin changes colour to match your surroundings (Stealth+).
You possess an exceptional clarity of mind.
You are very clumsy. (Dex -4)
Your flesh is cold resistant. (rC+)
Your flesh is heat resistant. (rF+)
You are frail. (-10% HP)
You passively map a small area around you.
You are very weak. (Str -4)


Message History

You feel very sick.
The fenstrider witch hits you but does no damage.
The fenstrider witch kicks you.
* * * LOW HITPOINT WARNING * * *
The swamp worm completely misses you.
The fenstrider witch casts a spell at you.
You barely resist.
The eleionoma hits you but does no damage.
The swamp worm bites you but does no damage.
You can move again.
You slash the fenstrider witch!
The fenstrider witch flickers and vanishes for a moment.
You headbutt the fenstrider witch!!
The fenstrider witch is severely wounded.
You closely miss the swamp worm. You hit the eleionoma.
You freeze the eleionoma.
You feel sick.
The fenstrider witch hits you but does no damage.
The fenstrider witch kicks you but does no damage.
The eleionoma hurls a spray of splinters at you.
The spray of wooden splinters hits you but does no damage.
You block the fenstrider witch's attack.
The fenstrider witch kicks you but does no damage.
The swamp worm bites you but does no damage.
You slash the fenstrider witch!
The fenstrider witch's magic leaks into the air.
The fenstrider witch is almost dead.
You barely miss the swamp worm. You slash the eleionoma!
The eleionoma appears confused.
You feel sick.
The fenstrider witch closely misses you.
The fenstrider witch barely misses you. You block the swamp worm's attack.
You block the fenstrider witch's attack.
The fenstrider witch kicks you.
* * * LOW HITPOINT WARNING * * *
Your unstable footing causes you to fumble your attack.
You feel sick.
The fenstrider witch hits you but does no damage.
You block the fenstrider witch's attack.
The swamp worm bites you!
You die...
Xom chortles!

* * .≈...♣ * ≈.≈≈..♣
*♣♣♣ ≈≈≈≈≈..♣♣≈.♣♣♣ ,
,≈≈≈≈≈≈...≈....♣ , ,
≈≈.≈..≈≈.≈≈≈.♣ ,
≈≈≈...≈≈≈§≈≈≈* .
≈≈≈≈≈≈w§§.♣♣ * ?.
≈≈§≈≈≈≈†@.R.♣♣ .≈≈
≈≈≈§≈≈≈≈.H≈≈≈.♣ .≈≈≈,
....♣≈≈.≈≈≈.♣ ,,≈≈≈..
♣♣♣♣≈......≈♣
≈≈≈≈..♣♣.≈♣≈.≈....♣♣
≈≈≈≈≈≈.<..♣.≈.....≈♣
≈≈≈≈≈≈≈≈≈...≈≈≈...≈♣
≈....§≈§≈≈≈...≈≈....♣♣♣
♣♣♣....≈≈≈≈≈≈≈†≈≈≈.≈≈.≈♣


You could see an eleionoma (confused), a fenstrider witch (fast, invisible,
magic disrupted) and a swamp worm.

Vanquished Creatures
  Rupert (Orc:2)
  An orc warlord (Orc:1)
  A bunyip (Swamp:1)
  Snorg (Lair:4)
  A fire dragon (Lair:6)
  2 ice dragons
  Fannar (Lair:3)
  9 hydras
  A rakshasa (D:11)
  6 boulder beetles
  2 catoblepae (Lair:4)
  2 ogre magi (D:15)
  6 centaur warriors
  An alligator (Swamp:1)
  2 tengu warriors
  20 two-headed ogres
  4 death yaks (Lair:5)
  A vampire mage (D:15)
  5 orc high priests (Orc:2)
  Nergalle (Lair:3)
  Sonja (Lair:3)
  7 skeletal warriors (D:14)
  An orb spider (shapeshifter) (Lair:5)
  A sea snake (D:11)
  2 orc knights (Orc:1)
  A deep elf zephyrmancer (D:11)
  A lindwurm (Lair:6)
  A necromancer (D:15)
  A stone giant zombie (D:15)
  5 deep elf pyromancers
  A fire giant zombie (D:15)
  2 oklob plants (Lair:3)
  A sphinx zombie (D:15)
  4 orc sorcerers
  6 cyclopes
  9 manticores
  A faun (shapeshifter) (D:11)
  9 ugly things
  An ice statue (Lair:5)
  7 black mambas
  20 elephants
  2 molten gargoyles (Lair:6)
  9 cane toads
  2 gargoyles
  An unseen horror (D:11)
  2 efreet (D:11)
  2 rime drakes
  5 kobold demonologists
  15 komodo dragons
  5 trolls
  3 polar bears (Lair:5)
  4 meliai
  A queen bee (Lair:6)
  A tyrant leech (Lair:2)
  Grinder (D:6)
  2 hornets
  8 slime creatures
  Prince Ribbit (D:7)
  A dream sheep (shapeshifter) (Orc:2)
  18 blink frogs
  7 dream sheep
  3 shadows
  A wyvern (shapeshifter) (D:15)
  A spriggan skeleton (D:15)
  36 yaks
  2 wraiths
  Sigmund (D:2)
  8 wyverns
  8 basilisks
  11 humans (D:14)
  A hog (D:9)
  Eustachio (D:4)
  5 vampire mosquitoes
  3 steam dragons
  4 acid dragons
  Edmund (D:6)
  3 swamp worms
  3 nagas (Lair:3)
  4 wargs
  4 hell hounds (Lair:6)
  17 water moccasins
  5 ice beasts
  28 orc warriors
  A swamp drake (D:6)
  A necrophage (D:6)
  12 ogres
  A tengu (D:6)
  4 wolves (Lair:6)
  A phantom (D:4)
  6 centaurs
  3 kobold brigands
  2 gnoll sergeants
  A scorpion (D:6)
  13 bullfrogs
  A wyvern zombie (D:7)
  A wyvern skeleton (D:5)
  A hornet simulacrum (D:15)
  A water moccasin skeleton (D:6)
  A howler monkey (shapeshifter) (D:11)
  13 killer bees
  3 wights (D:9)
  5 electric eels
  3 howler monkeys
  5 lava snakes (Lair:6)
  6 centaur zombies
  3 jellies
  22 orc priests
  A bullfrog skeleton (D:6)
  A centaur skeleton (D:6)
  Natasha (twice) (D:3)
  3 iguanas
  20 orc wizards
  A howler monkey zombie (D:7)
  5 gnolls (D:12)
  12 adders
  4 white imps
  An adder skeleton (D:4)
  A worm (D:2)
  4 dart slugs
  48 orcs
  9 endoplasms
  3 giant cockroaches
  8 goblins
  7 hobgoblins
  3 jackals (D:2)
  19 kobolds
  9 quokkas
  13 ball pythons
  8 bats
  3 frilled lizards
  10 rats
695 creatures vanquished.

Vanquished Creatures (collateral kills)
  A hydra (D:11)
  An orc knight (D:14)
  4 ugly things
  A polar bear (Lair:5)
  5 humans (D:14)
  A yak (Lair:3)
  A kobold brigand (D:12)
14 creatures vanquished.

Vanquished Creatures (others)
  A dancing weapon (D:14)
  A bloated husk (Swamp:1)
  A blink frog (Lair:6)
  An orc (Orc:2)
  29 fungi
  74 plants
  12 withered plants (D:15)
119 creatures vanquished.

Grand Total: 828 creatures vanquished

Notes
Turn   | Place    | Note
-------+----------+-------------------------------------------
     0 | D:1      | cbfl8 the Minotaur Fighter began the quest for the Orb.
     0 | D:1      | Reached XP level 1. HP: 19/19 MP: 0/0
   233 | D:1      | Reached XP level 2. HP: 27/27 MP: 1/1
   618 | D:1      | Reached XP level 3. HP: 33/33 MP: 2/2
   620 | D:1      | Reached skill level 3 in Axes
  1154 | D:2      | Reached XP level 4. HP: 17/40 MP: 3/3
  1371 | D:2      | Noticed Sigmund
  1384 | D:2      | Killed Sigmund
  1385 | D:2      | Reached skill level 4 in Axes
  1385 | D:2      | Reached skill level 1 in Dodging
  1385 | D:2      | Reached skill level 1 in Evocations
  1385 | D:2      | Reached XP level 5. HP: 44/47 MP: 4/4
  1815 | D:2      | Identified the +2 robe of Raogiumn {Contam Fly rPois rC-}
  1951 | D:3      | Identified the +11 mace of Annihilation {drain, rC+ Int+4
                  | Dex+3}
  1990 | D:3      | Reached XP level 6. HP: 27/53 MP: 5/5
  2281 | D:3      | Found Saesmyext's Book Boutique.
  2282 | D:3      | Found Patsuala's Antique Armour Shop.
  2451 | D:3      | Found Voublaux's Magic Scroll Emporium.
  2464 | D:3      | Found a faded altar of an unknown god.
  2465 | D:3      | Bought a scroll of teleportation for 30 gold pieces
  2465 | D:3      | Bought a scroll of teleportation for 30 gold pieces
  2543 | D:3      | Found Naipt's Antique Armour Shop.
  2785 | D:3      | Noticed Natasha
  2790 | D:3      | Killed Natasha
  2791 | D:3      | Reached skill level 5 in Axes
  2791 | D:3      | Reached skill level 5 in Armour
  3040 | D:3      | Noticed Natasha
  3048 | D:3      | Killed Natasha
  3192 | D:3      | Prayed at the altar of an unknown god.
  3192 | D:3      | Became a worshipper of Xom of Chaos
  3259 | D:4      | XOM: stealth player
  3430 | D:4      | XOM: potion effect (curing)
  3439 | D:4      | Found a staircase to the Ecumenical Temple.
  3481 | D:4      | Reached XP level 7. HP: 45/60 MP: 6/6
  3503 | D:4      | XOM: noise
  3614 | D:4      | Noticed Eustachio
  3621 | D:4      | Reached skill level 5 in Fighting
  3671 | D:4      | XOM: divination: detect creatures
  3674 | D:4      | Killed Eustachio
  3675 | D:4      | Reached skill level 6 in Axes
  3945 | D:5      | Entered Level 5 of the Dungeon
  4036 | D:5      | XOM: silly message
  4406 | D:5      | XOM: silly message
  4549 | D:5      | XOM: potion effect (berserk rage)
  4676 | D:6      | Reached skill level 7 in Axes
  4676 | D:6      | Reached XP level 8. HP: 33/68 MP: 7/7
  4848 | D:6      | Noticed Grinder
  4851 | D:6      | Paralysed by Grinder for 7 turns
  4861 | D:6      | XOM: scenery: summon butterflies
  4862 | D:6      | XOM: potion effect (invisibility)
  4864 | D:6      | Noticed Edmund
  4865 | D:6      | Killed Grinder
  4881 | D:6      | Reached skill level 1 in Stealth
  4892 | D:6      | Killed Edmund
  4893 | D:6      | Reached skill level 5 in Shields
  5230 | D:6      | Reached skill level 8 in Axes
  5438 | D:6      | Identified the +2 cloak of Fanaticism {Rampage Regen+ rCorr
                  | Str-5 Dex+2}
  5500 | D:6      | Found a snail-covered altar of Cheibriados.
  5726 | D:6      | Noticed a cyclops
  5742 | D:6      | Killed a cyclops
  5743 | D:6      | Reached XP level 9. HP: 67/75 MP: 8/8
  5757 | D:6      | XOM: enchant monster (good)
  5758 | D:6      | XOM: smoke on damage
  5871 | D:6      | XOM: silly message
  6334 | D:6      | Reached skill level 9 in Axes
  6563 | D:7      | Found a transporter.
  6563 | D:7      | Noticed yourfavgirlally's ghost (weakling FoHu)
  6563 | D:7      | Noticed a white ugly thing
  6564 | D:7      | Found a transporter.
  6626 | D:7      | Noticed a two-headed ogre
  6628 | D:7      | XOM: repel stairs
  6777 | D:7      | Noticed Prince Ribbit
  6798 | D:7      | Killed Prince Ribbit
  6816 | D:7      | Reached skill level 5 in Evocations
  7076 | D:6      | XOM: give mutations
  7076 | D:6      | Gained mutation: You sometimes lose the ability to read
                  | scrolls when taking damage. [Xom's mischief]
  7076 | D:6      | Gained mutation: You occasionally shout uncontrollably at
                  | your foes. [Xom's mischief]
  7163 | D:6      | XOM: summons 5 hostile demons
  7164 | D:6      | Noticed a sun demon
  7285 | D:7      | Reached skill level 10 in Axes
  7295 | D:7      | XOM: silly message
  7300 | D:7      | Killed a two-headed ogre
  7301 | D:7      | Reached XP level 10. HP: 18/84 MP: 9/9
  7525 | D:8      | Found Woubruer's Magic Scroll Shoppe.
  7540 | D:8      | Bought a scroll of teleportation for 42 gold pieces
  7540 | D:8      | Bought a scroll of identify for 28 gold pieces
  7540 | D:8      | Bought a scroll of identify for 28 gold pieces
  7540 | D:8      | Bought a scroll of identify for 28 gold pieces
  7550 | D:8      | Found Fotutam's Antique Armour Boutique.
  7622 | D:8      | Found Ephics's Weapon Shop.
  7637 | D:8      | Bought a +2 war axe of venom for 226 gold pieces
  7775 | D:8      | XOM: enchant monster (good)
  7826 | D:8      | Found Ryudipn's Distillery.
  7834 | D:8      | Bought a potion of might for 48 gold pieces
  7834 | D:8      | Bought a potion of berserk rage for 60 gold pieces
  7892 | D:9      | Found a staircase to the Lair.
  7933 | D:9      | Noticed Psyche
  7935 | D:9      | Noticed Psyche
  7935 | D:9      | Psyche changed into Psyche the hog
  7935 | D:9      | XOM: polymorph Psyche -> Psyche the hog
  7936 | D:9      | XOM: blink monster(s)
  7941 | D:9      | Killed Psyche the hog
  8001 | D:9      | Noticed a two-headed ogre
  8005 | D:9      | XOM: smoke on damage
  8007 | D:9      | XOM: 2-stop teleportation journey
  8040 | D:9      | XOM: god gift: glowing rapier {god gift}
  8077 | D:9      | Reached skill level 11 in Axes
  8228 | D:9      | XOM: torment (14/86 hp)
  8296 | D:8      | XOM: give mutation
  8296 | D:8      | Gained mutation: Your system is resistant to poisons.
                  | (rPois) [Xom's grace]
  8397 | D:8      | Lost mutation: You sometimes lose the ability to read
                  | scrolls when taking damage. [potion of mutation]
  8397 | D:8      | Lost mutation: You occasionally shout uncontrollably at
                  | your foes. [potion of mutation]
  8397 | D:8      | Gained mutation: Your spells are a little harder to cast,
                  | but a little more powerful. [potion of mutation]
  8397 | D:8      | Lost mutation: Your system is resistant to poisons. (rPois)
                  | [potion of mutation]
  8397 | D:8      | Gained mutation: Your system is resistant to poisons.
                  | (rPois) [potion of mutation]
  8441 | D:9      | Noticed a two-headed ogre
  8447 | D:9      | XOM: scenery: 3 doors open, 1 doors close
  8451 | D:9      | XOM: scenery: 1 doors open, 3 doors close
  8452 | D:9      | Killed a two-headed ogre
  8553 | D:9      | Identified the +6 scale mail of a wizard's laboratory
                  | {*Corrode rF+++ Regen+ Int+3} (Xom gifted it to you on
                  | level 9 of the Dungeon)
  8553 | D:9      | XOM: god gift: +6 scale mail of a wizard's laboratory
                  | {*Corrode rF+++ Regen+ Int+3}
  8596 | D:9      | XOM: destruction
  8922 | D:9      | XOM: divination: magic mapping
  8924 | D:9      | XOM: enchant monster (bad)
  8930 | D:9      | Reached skill level 12 in Axes
  9034 | D:9      | XOM: god gift: wand of paralysis (5)
  9164 | D:9      | XOM: cleaving
  9176 | D:9      | XOM: enchant monster (good)
  9206 | D:9      | XOM: confuse monster(s)
  9343 | D:8      | XOM: enchant monster (bad)
  9383 | D:9      | Reached XP level 11. HP: 94/94 MP: 10/10
  9384 | D:9      | XOM: fog
  9437 | D:10     | Entered Level 10 of the Dungeon
  9593 | D:10     | Found a staircase to the Orcish Mines.
  9651 | D:10     | XOM: silly message
  9664 | D:10     | XOM: give mutations
  9664 | D:10     | Gained mutation: You are dopey. (Int -2) [Xom's mischief]
  9664 | D:10     | Gained mutation: You are clumsy. (Dex -2) [Xom's mischief]
  9704 | D:10     | XOM: confusion (+ monsters)
 10074 | D:11     | Noticed a six-headed hydra
 10075 | D:11     | XOM: stat loss: -1 Dex (13/14)
 10127 | D:11     | Noticed a deep elf zephyrmancer
 10131 | D:11     | XOM: repel stairs
 10132 | D:11     | XOM: chaos upgrade
 10155 | D:11     | Noticed a deep elf pyromancer
 10264 | D:11     | XOM: polymorph acid dragon -> hornet
 10266 | D:11     | XOM: blink monster(s)
 10270 | D:11     | Reached skill level 5 in Dodging
 10277 | D:11     | Got Ts'ui Pên's Incunabulum of Forking Paths
 10284 | D:11     | Got Sif Muna's Catalogue of Combed Thunderclap
 10285 | D:11     | Noticed a glowing shapeshifter
 10285 | D:11     | a deep elf pyromancer changed into a glowing shapeshifter
 10285 | D:11     | XOM: polymorph deep elf pyromancer -> glowing shapeshifter
 10285 | D:11     | Noticed a sea snake
 10285 | D:11     | a glowing shapeshifter changed into a sea snake
 10286 | D:11     | Noticed a glowing shapeshifter
 10286 | D:11     | a sea snake changed into a glowing shapeshifter
 10286 | D:11     | XOM: polymorph sea snake -> glowing shapeshifter
 10286 | D:11     | Noticed an orb spider
 10286 | D:11     | a glowing shapeshifter changed into an orb spider
 10289 | D:11     | an orb spider changed into a faun
 10311 | D:11     | Noticed a sea snake
 10311 | D:11     | a deep elf zephyrmancer changed into a sea snake
 10311 | D:11     | XOM: polymorph deep elf zephyrmancer -> sea snake
 10318 | D:11     | Killed a sea snake
 10319 | D:11     | Reached skill level 13 in Axes
 10356 | D:11     | Noticed an ice dragon
 10356 | D:11     | a six-headed hydra changed into an ice dragon
 10356 | D:11     | XOM: polymorph six-headed hydra -> ice dragon
 10360 | D:11     | XOM: summons 3 hostile demons
 10362 | D:11     | XOM: enchant monster (bad)
 10369 | D:11     | Killed an ice dragon
 10373 | D:11     | Noticed a deep elf pyromancer
 10382 | D:11     | XOM: summons 2 hostile shadow creatures
 10414 | D:11     | Noticed a deep elf zephyrmancer
 10417 | D:11     | XOM: enchant monster (bad)
 10420 | D:11     | Killed a deep elf zephyrmancer
 10442 | D:11     | Got the Tome of Axaxaxas mlö
 10498 | D:11     | Noticed a two-headed ogre
 10498 | D:11     | XOM: 1-stop teleportation journey
 10506 | D:11     | Killed a two-headed ogre
 10585 | D:11     | XOM: confusion
 10587 | D:11     | XOM: noise
 10590 | D:11     | XOM: confuse monster(s)
 10597 | D:11     | Noticed a sun demon
 10597 | D:11     | XOM: confusion
 10604 | D:11     | XOM: cleaving
 10616 | D:11     | XOM: silly message
 10620 | D:11     | XOM: cast spell 'Summon Small Mammal'
 10634 | D:11     | XOM: polymorph rat -> orc
 10654 | D:11     | Noticed a centaur warrior
 10662 | D:11     | Killed a centaur warrior
 10662 | D:11     | Noticed a two-headed ogre
 10665 | D:11     | Killed a two-headed ogre
 10671 | D:11     | Reached skill level 14 in Axes
 10676 | D:11     | Noticed a two-headed ogre
 10682 | D:11     | XOM: enchant monster (bad)
 10685 | D:11     | Killed a two-headed ogre
 10769 | D:11     | Noticed a tengu warrior
 10773 | D:11     | Killed a tengu warrior
 10774 | D:11     | Reached XP level 12. HP: 98/105 MP: 11/11
 10777 | D:11     | XOM: confuse monster(s)
 10793 | D:11     | Noticed a centaur warrior
 10813 | D:11     | Killed a centaur warrior
 10824 | D:11     | XOM: noise
 10828 | D:11     | Reached skill level 10 in Armour
 10828 | D:11     | Noticed a boulder beetle
 10848 | D:11     | XOM: potion effect (might)
 10849 | D:11     | Noticed a centaur warrior
 10850 | D:11     | XOM: cast spell 'Leda's Liquefaction'
 10853 | D:11     | Noticed an anaconda
 10854 | D:11     | XOM: noise
 10855 | D:11     | Killed a boulder beetle
 10857 | D:11     | XOM: confuse monster(s)
 10857 | D:11     | Noticed a rakshasa
 10857 | D:11     | Noticed a six-headed hydra
 10871 | D:11     | Reached skill level 10 in Fighting
 10905 | D:11     | XOM: potion effect (curing)
 10958 | D:11     | XOM: scenery: create altars
 11038 | D:11     | Noticed a two-headed ogre
 11039 | D:11     | XOM: cloud trail
 11047 | D:11     | XOM: summons 5 friendly demons
 11050 | D:11     | XOM: enchant monster (bad)
 11053 | D:11     | Killed a two-headed ogre
 11054 | D:11     | Reached skill level 15 in Axes
 11077 | D:11     | Noticed a centaur warrior
 11080 | D:11     | Noticed a two-headed ogre
 11081 | D:11     | a centaur warrior changed into a manticore
 11081 | D:11     | XOM: polymorph centaur warrior -> manticore
 11085 | D:11     | XOM: fog
 11087 | D:11     | Killed a two-headed ogre
 11094 | D:11     | Noticed a centaur warrior
 11139 | D:11     | XOM: scenery: 1 doors open, 3 doors close
 11435 | D:11     | XOM: scenery: summon butterflies
 11557 | D:12     | Identified the +0 robe "Era Nekk" {Str+4 Dex+4}
 11563 | D:12     | Noticed a two-headed ogre
 11574 | D:12     | Killed a two-headed ogre
 11577 | D:12     | XOM: cleaving
 11640 | D:11     | Noticed a boulder beetle
 11649 | D:11     | Killed a boulder beetle
 11706 | D:11     | XOM: divination: detect items
 11731 | D:12     | XOM: 2-stop teleportation journey
 11733 | D:12     | XOM: fake destruction
 11761 | D:12     | Noticed a two-headed ogre
 11769 | D:12     | Killed a two-headed ogre
 11861 | D:12     | XOM: summons friendly ufetubus
 11862 | D:12     | XOM: scenery: create altars
 11866 | D:12     | XOM: cleaving
 11875 | D:12     | XOM: summons friendly crimson imp
 11984 | D:12     | XOM: cloud trail
 12128 | D:12     | Reached XP level 13. HP: 114/114 MP: 12/12
 12130 | D:12     | XOM: confuse monster(s)
 12222 | D:12     | XOM: cloud trail
 12263 | D:12     | XOM: god gift: scroll of teleportation
 12287 | D:12     | XOM: silly message
 12395 | D:11     | XOM: summons 13 friendly demons
 12409 | D:11     | XOM: cast spell 'Summon Hydra'
 12417 | D:11     | Reached skill level 16 in Axes
 12429 | D:11     | XOM: smoke on damage
 12430 | D:11     | XOM: summons friendly quasit
 12649 | D:11     | XOM: summons friendly ufetubus
 12740 | D:11     | XOM: scenery: summon butterflies
 13078 | D:13     | XOM: summons friendly crimson imp
 13081 | D:13     | XOM: cast spell 'Metabolic Englaciation'
 13169 | D:13     | XOM: fake destruction
 13256 | D:13     | Found a portal to a secret trove of treasure.
 13419 | D:13     | XOM: give mutations
 13419 | D:13     | Gained mutation: Armour fits poorly on your strangely
                  | shaped body. [Xom's mischief]
 13419 | D:13     | Gained mutation: Your magical capacity is low. (-10% MP)
                  | [Xom's mischief]
 13419 | D:13     | Gained mutation: Your body sometimes deteriorates upon
                  | taking damage. [Xom's mischief]
 13419 | D:13     | Lost mutation: Your system is resistant to poisons. (rPois)
                  | [Xom's mischief]
 13601 | D:14     | XOM: give mutations
 13601 | D:14     | Lost mutation: You are dopey. (Int -2) [Xom's mischief]
 13601 | D:14     | Gained mutation: You are weak. (Str -2) [Xom's mischief]
 13628 | D:14     | Found Liklif's Weapon Emporium.
 13636 | D:14     | Lost mutation: Your body sometimes deteriorates upon taking
                  | damage. [potion of mutation]
 13636 | D:14     | Lost mutation: Your spells are a little harder to cast, but
                  | a little more powerful. [potion of mutation]
 13890 | D:14     | XOM: scenery: create altars
 13901 | D:14     | XOM: divination: detect creatures
 14010 | D:14     | Found a gate to the Vaults.
 14017 | D:14     | Reached skill level 5 in Stealth
 14017 | D:14     | XOM: confuse monster(s)
 14019 | D:14     | XOM: summons friendly shadow imp
 14029 | D:14     | Reached skill level 10 in Evocations
 14042 | D:14     | XOM: summons friendly iron imp
 14045 | D:14     | Reached XP level 14. HP: 114/125 MP: 11/11
 14224 | D:14     | XOM: torment (64/126 hp)
 14320 | D:14     | XOM: silly message
 14322 | D:14     | Identified a scroll of acquirement
 14322 | D:14     | Acquired 954 gold pieces
 14331 | D:14     | XOM: swap monsters
 14340 | D:14     | XOM: smoke on damage
 14660 | D:15     | Entered Level 15 of the Dungeon
 14694 | D:14     | XOM: cleaving
 14700 | D:14     | XOM: enchant monster (good)
 14714 | D:14     | Reached skill level 10 in Shields
 14943 | D:15     | XOM: confusion
 14968 | D:15     | XOM: confusion (+ monsters)
 15012 | D:15     | Found a staircase to the Depths.
 15034 | D:15     | XOM: repel stairs
 15047 | D:15     | XOM: noise
 15093 | D:15     | XOM: cast spell 'Alistair's Intoxication'
 15095 | D:15     | XOM: silly message
 15323 | D:15     | XOM: cast spell 'Olgreb's Toxic Radiance'
 15486 | D:15     | XOM: cast spell 'Dispersal'
 15486 | D:15     | Paralysed by an ogre mage for 6 turns
 15488 | D:15     | XOM: potion effect (might)
 15655 | D:15     | XOM: enchant monster (good)
 15767 | D:15     | XOM: confuse monster(s)
 15831 | D:15     | XOM: divination: detect creatures
 15838 | D:15     | Reached skill level 17 in Axes
 15841 | D:15     | XOM: divination: magic mapping
 16175 | Lair:1   | Entered Level 1 of the Lair of Beasts
 16231 | Lair:1   | XOM: silly message
 16366 | D:3      | Bought a scroll of brand weapon for 200 gold pieces
 16536 | Lair:1   | XOM: summons friendly ufetubus
 16941 | Lair:1   | XOM: silly message
 17476 | Lair:2   | XOM: silly message
 17723 | Lair:2   | Found a staircase to the Swamp.
 17919 | Lair:3   | Noticed Nergalle
 17935 | Lair:3   | Killed Nergalle
 18078 | Lair:3   | Noticed Fannar
 18093 | Lair:3   | XOM: potion effect (invisibility)
 18183 | Lair:3   | XOM: cast spell 'Summon Small Mammal'
 18204 | Lair:3   | XOM: enchant monster (good)
 18206 | Lair:3   | Reached XP level 15. HP: 126/136 MP: 12/12
 18217 | Lair:3   | XOM: swap monsters
 18305 | Lair:3   | Found a staircase to the Snake Pit.
 18323 | Lair:3   | Noticed Sonja
 18346 | Lair:3   | Killed Fannar
 18347 | Lair:3   | Killed Sonja
 18509 | Lair:3   | Found a blossoming altar of Fedhas.
 18623 | Lair:3   | XOM is BORED!
 18641 | Lair:3   | XOM: noise
 18673 | Lair:3   | XOM: noise
 18771 | Lair:3   | XOM: noise
 19252 | Lair:4   | XOM: confuse monster(s)
 19257 | Lair:4   | XOM: cast spell 'Olgreb's Toxic Radiance'
 19272 | Lair:4   | XOM: divination: magic mapping
 19330 | Lair:4   | XOM: give mutations
 19330 | Lair:4   | Lost mutation: Armour fits poorly on your strangely shaped
                  | body. [Xom's mischief]
 19330 | Lair:4   | Gained mutation: You passively map a small area around you.
                  | [Xom's mischief]
 19330 | Lair:4   | Gained mutation: You are very weak. (Str -4) [Xom's
                  | mischief]
 19330 | Lair:4   | Lost mutation: You are clumsy. (Dex -2) [Xom's mischief]
 19411 | Lair:4   | XOM: noise
 19506 | Lair:4   | XOM: summons 8 friendly demons
 19530 | Lair:4   | XOM: summons 5 hostile demons
 19542 | Lair:4   | XOM: scenery: summon butterflies
 19544 | Lair:4   | XOM: cleaving
 19546 | Lair:4   | XOM: polymorph catoblepas -> catoblepas
 19566 | Lair:4   | XOM: chaos cloud
 19885 | Lair:4   | Noticed Snorg
 19894 | Lair:4   | Killed Snorg
 19981 | Lair:4   | XOM: give mutations
 19981 | Lair:4   | Gained mutation: You are clumsy. (Dex -2) [Xom's mischief]
 19981 | Lair:4   | Gained mutation: You are frail. (-10% HP) [Xom's mischief]
 19981 | Lair:4   | Lost mutation: Your magical capacity is low. (-10% MP)
                  | [Xom's mischief]
 19981 | Lair:4   | Gained mutation: You are very clumsy. (Dex -4) [Xom's
                  | mischief]
 20161 | Lair:4   | XOM: summons 2 hostile shadow creatures
 20232 | Lair:5   | XOM: confusion
 20236 | Lair:5   | XOM: polymorph ice beast -> glowing shapeshifter
 20241 | Lair:5   | Paralysed by a floating eye for 2 turns
 20535 | Lair:5   | XOM: 6-stop teleportation journey
 20690 | Lair:5   | Found a staircase to the Slime Pits.
 20731 | Lair:5   | You fall into a shaft and drop 1 floor!
 20731 | Lair:6   | Entered Level 6 of the Lair of Beasts
 20735 | Lair:6   | XOM: polymorph polar bear -> queen bee
 20746 | Lair:6   | XOM: blink monster(s)
 20858 | Lair:6   | XOM: enchant monster (good)
 20908 | Lair:5   | XOM: divination: detect items
 20963 | Lair:5   | XOM: polymorph slime creature -> swamp worm
 21252 | Lair:5   | XOM: smoke on damage
 21762 | Lair:6   | XOM: give mutation
 21762 | Lair:6   | Gained mutation: You are partially covered in iridescent
                  | scales. (AC +2) [Xom's grace]
 21787 | Lair:6   | Reached skill level 18 in Axes
 21990 | Lair:6   | XOM: snakes to sticks
 21991 | Lair:6   | XOM: summons 2 friendly demons
 21996 | Lair:6   | XOM: fog
 22008 | Lair:6   | XOM: scenery: create altars
 22009 | Lair:6   | XOM: destruction
 22379 | Lair:6   | Found a large runed translucent door.
 22383 | Lair:6   | Found a large runed translucent door.
 22421 | Lair:6   | XOM: give mutations
 22421 | Lair:6   | Gained mutation: You possess an exceptional clarity of
                  | mind. [Xom's grace]
 22421 | Lair:6   | Gained mutation: You have a pair of large horns on your
                  | head. [Xom's grace]
 22464 | Lair:6   | XOM: 5-stop teleportation journey
 22476 | Lair:6   | Reached XP level 16. HP: 125/132 MP: 15/15
 22492 | Lair:6   | XOM: god gift: 55 gold pieces
 22549 | Lair:6   | XOM: give mutations
 22549 | Lair:6   | Gained mutation: Your flesh is cold resistant. (rC+) [Xom's
                  | grace]
 22549 | Lair:6   | Gained mutation: You have large cloven feet. [Xom's grace]
 22549 | Lair:6   | Gained mutation: Your flesh is heat resistant. (rF+) [Xom's
                  | grace]
 22596 | Lair:6   | XOM: give mutations
 22596 | Lair:6   | Lost mutation: You have large cloven feet. [Xom's grace]
 22596 | Lair:6   | Gained mutation: You have sharp toenails. [Xom's grace]
 22596 | Lair:6   | Gained mutation: You are mostly covered in iridescent
                  | scales. (AC +4) [Xom's grace]
 22596 | Lair:6   | Gained mutation: Your skin changes colour to match your
                  | surroundings (Stealth+). [Xom's grace]
 22921 | Orc:1    | Entered Level 1 of the Orcish Mines
 22921 | Orc:1    | Found Foczuneq's Assorted Antiques.
 22936 | Orc:1    | XOM: enchant monster (bad)
 22962 | Orc:1    | XOM: smoke on damage
 22978 | Orc:1    | XOM: cleaving
 22998 | Orc:1    | Reached skill level 15 in Fighting
 23000 | Orc:1    | XOM: divination: magic mapping
 23068 | Orc:1    | Bought a scroll of teleportation for 102 gold pieces
 23078 | Orc:1    | Found Odisk's Assorted Antiques.
 23096 | Orc:1    | Bought a scroll of teleportation for 72 gold pieces
 23096 | Orc:1    | Bought a scroll of enchant armour for 180 gold pieces
 23096 | Orc:1    | Bought a potion of mutation for 192 gold pieces
 23096 | Orc:1    | Bought a scroll of enchant armour for 180 gold pieces
 23160 | Orc:1    | XOM: smoke on damage
 23160 | Orc:1    | XOM: torment (68/134 hp)
 23256 | Orc:1    | Found Woec's Distillery.
 23278 | Orc:1    | Bought a potion of might for 44 gold pieces
 23278 | Orc:1    | Bought a potion of berserk rage for 55 gold pieces
 23549 | Orc:1    | Found Famofuli's Magic Scroll Emporium.
 23557 | Orc:1    | Bought 3 scrolls of teleportation for 117 gold pieces
 23557 | Orc:1    | Bought a scroll of teleportation for 39 gold pieces
 23621 | Orc:2    | Entered Level 2 of the Orcish Mines
 23621 | Orc:2    | Found a burning altar of Makhleb.
 23843 | Orc:2    | Found a staircase to the Elven Halls.
 23933 | Orc:2    | XOM: 10-stop teleportation journey
 23945 | Orc:2    | XOM: enchant monster (bad)
 23946 | Orc:2    | XOM: polymorph orc -> glowing shapeshifter
 23992 | Orc:2    | Noticed Rupert
 24007 | Orc:2    | Paralysed by Rupert for 7 turns
 24011 | Orc:2    | XOM: scenery: summon butterflies
 24018 | Orc:2    | XOM: potion effect (haste)
 24024 | Orc:2    | Paralysed by Rupert for 2 turns
 24031 | Orc:2    | Killed Rupert
 24189 | Orc:2    | XOM: potion effect (berserk rage)
 24216 | Orc:2    | Found Ditiamon's Antique Armour Shop.
 24216 | Orc:2    | Found Mudgh's Distillery.
 24217 | Orc:2    | Found Cametz's Assorted Antiques.
 24230 | Orc:2    | Found Veell's General Store.
 24246 | Orc:2    | Bought a scroll of acquirement for 676 gold pieces
 24246 | Orc:2    | Bought a +0 tower shield for 58 gold pieces
 24246 | Orc:2    | Bought a scroll of identify for 26 gold pieces
 24254 | Orc:2    | Bought a scroll of brand weapon for 560 gold pieces
 24442 | Orc:2    | Acquired a manual of Stealth
 24596 | Swamp:1  | Entered Level 1 of the Swamp
 24626 | Swamp:1  | XOM: silly message
 24669 | Swamp:1  | Paralysed by a fenstrider witch for 2 turns
 24673 | Swamp:1  | XOM: divination: detect creatures
 24687 | Swamp:1  | Paralysed by a fenstrider witch for 3 turns
 24690 | Swamp:1  | HP: 6/134 [fenstrider witch (2)]
 24693 | Swamp:1  | Slain by a swamp worm

Illustrated notes

Levels and vault maps discovered:
D:1:      saegor_arrival_simple_e, layout_loops_ring,
          hangedman_abyss_or_decor_stabs, minmay_misc_feat_tower
D:2:      minmay_chambers_of_twos, layout_rooms, eino_tiny_chamber, uniq_sigmund
D:3:      minmay_skewed_foursquare, layout_basic, serial_shops,
          nicolae_diamond_shop, nicolae_shop_trees, shop,
          nicolae_shop_advertising_works [nicolae_subvault_shop_adworks],
          ebering_ecumenical_altar_rust, minivault_27, uniq_natasha
D:4:      layout_basic, minmay_temple_entry_mini_moons, kennysheep_small_circle,
          uniq_eustachio
D:5:      layout_gridville, minmay_misc_feat_chi
D:6:      cheibrodos_two_vegetables, layout_basic, kennysheep_mini,
          uniq_grinder, uniq_edmund
D:7:      layout_rooms, gammafunk_ghost_arena, uniq_prince_ribbit1
D:8:      layout_gridville, serial_shops, nicolae_shop_stone,
          nicolae_shop_window_shopping, shop_statue, shop, blue_anna_alchemist
D:9:      layout_roguey, lair_entry_dummy, uniq_psyche
D:10:     layout_loops_ring, orc_0_dummy, hangedman_decor_lopped
D:11:     minmay_the_grid_square_5x5_5x5_mashed
          [minmay_the_grid_square_5x5_longway,
          minmay_the_grid_square_5x5_tri_point,
          minmay_the_grid_square_5x5_bridge,
          minmay_the_grid_square_5x5_one_wall,
          minmay_the_grid_square_5x5_tetrominoes,
          minmay_the_grid_square_5x5_lines,
          minmay_the_grid_square_5x5_prize_snowflake,
          minmay_the_grid_square_5x5_almost_minimal,
          minmay_the_grid_square_5x5_prize_open,
          minmay_the_grid_square_5x5_slash,
          minmay_the_grid_square_5x5_pentomino_r,
          minmay_the_grid_square_5x5_bite,
          minmay_the_grid_square_5x5_prize_deathbox,
          minmay_the_grid_square_5x5_z,
          minmay_the_grid_square_5x5_checkered_sparse,
          minmay_the_grid_square_5x5_three_walls,
          minmay_the_grid_square_5x5_prize_itemx,
          minmay_the_grid_square_5x5_six, minmay_the_grid_square_5x5_prize_open,
          minmay_the_grid_square_5x5_inverted_slash,
          minmay_the_grid_square_5x5_trominoes,
          minmay_the_grid_square_5x5_eight_small,
          minmay_the_grid_square_5x5_bracketed,
          minmay_the_grid_square_5x5_dogpile, minmay_the_grid_square_5x5_inset],
          layout_irregular_city, minmay_misc_feat_ornament,
          bh_hangedman_babel_library
D:12:     layout_loops_ring
D:13:     layout_roguey, enter_trove_0
D:14:     layout_irregular_city, david_vaults_3, serial_shops,
          nicolae_diamond_shop, kennysheep_boxes
D:15:     gammafunk_depths_entry_grave, layout_loops_ring,
          chequers_serial_rivers_room_b
Lair:1:   layout_small_grid, serial_bayou_pond_d
Lair:2:   layout_roguey, palyth_hydra_swamp_entry,
          chequers_serial_rivers_small_3
Lair:3:   layout_cave_pods, guppyfry_snake_entry_island, minivault_23,
          hangedman_tree_tricks, cheibrodos_lair_reptile_den, uniq_nergalle,
          uniq_fannar, uniq_sonja
Lair:4:   nzn_motion_control, layout_small_grid, serial_bayou,
          serial_bayou_shore_b, serial_bayou_lagoon_a, serial_bayou_pond_a,
          serial_bayou_crossing, serial_bayou_pond_d, serial_bayou_shore_a,
          uniq_snorg
Lair:5:   layout_gridlike, minmay_slime_entry_pillars, ice2_lemuel,
          infiniplex_staircase_pool
Lair:6:   cheibrodos_lair_end_hotspot, layout_gridlike
Swamp:1:  layout_basic_swamp, gammafunk_ghost_hydra_chop,
          evilmike_swamp_ruin_wall, swamp_pool5
Orc:1:    layout_caves, serial_shops, nicolae_shop_trees,
          nicolae_shop_hallway_stairs, nicolae_diamond_shop, shop, mines1_david
Orc:2:    st_orc_mages, layout_caves, bloody_makhleb, uniq_rupert

Skill      XL: |  1  2  3  4  5  6  7  8  9 10 11 12 13 14 15 16 |
---------------+-------------------------------------------------+-----
Shields        | 4 5 6 7 8 9 11 12 13 | 13.4
Fighting       | 4 5 6 7 9 10 11 13 14 15 | 15.4
Axes           | 3 4 5 7 8 10 12 14 15 16 17 18 | 18.6
Armour         | 4 5 6 8 9 10 11 12 | 12.4
Dodging        | 1 2 3 4 5 6 7 8 9 |  9.3
Evocations     | 1 2 3 4 5 6 7 8 10 11 12 | 12.1
Stealth        | 2 3 5 6 |  6.8

Action                   |  1- 3 |  4- 6 |  7- 9 | 10-12 | 13-15 | 16-18 || total
-------------------------+-------+-------+-------+-------+-------+-------++-------
Melee: War axe           |   104 |   105 |   232 |   482 |  1180 |   332 ||  2435
       Headbutt          |     6 |    19 |    45 |   112 |   332 |    63 ||   577
Evoke: Wand              |       |       |    14 |     6 |    12 |       ||    32
       Lightning rod     |       |       |       |     1 |       |       ||     1
  Use: Potion            |       |     1 |     1 |     3 |    10 |     6 ||    21
       Scroll            |       |     7 |    10 |    17 |    19 |     5 ||    58
 Stab: Sleeping          |       |     2 |       |       |     4 |       ||     6
       Invisible         |       |       |     4 |       |     6 |       ||    10
       Paralysed         |       |       |       |     4 |     7 |       ||    11
       Distracted        |       |       |       |     1 |     9 |     2 ||    12
       Confused          |       |       |       |     1 |    19 |       ||    20
       Petrifying        |       |       |       |       |     2 |       ||     2
Armor: Scale mail        |    61 |    40 |   119 |   193 |   710 |   113 ||  1236
       Skin              |       |       |    71 |       |    17 |       ||    88
       Plate armour      |       |       |       |    96 |       |       ||    96
Dodge: Dodged            |    49 |    42 |   128 |   173 |   485 |    95 ||   972
Block: Buckler           |    20 |    22 |    81 |   105 |       |       ||   228
       Kite shield       |       |       |       |    52 |   687 |   158 ||   897
       Tower shield      |       |       |       |       |       |    26 ||    26
